 Dungeon Crawl Stone Soup version 0.20.1-1-g8b1a95d (webtiles) character file.

136 Linguinho the Poker (level 4, -2/37 HPs)
             Began as a Demonspawn Monk on Nov 9, 2017.
             Slain by Blork the orc
             ... wielding a +0 dire flail
              (9 damage)
             ... on level 4 of the Dungeon.
             The game lasted 00:08:01 (3153 turns).

Linguinho the Poker (Demonspawn Monk)               Turns: 3153, Time: 00:08:02

Health: -2/37      AC:  6    Str: 12    XL:     4   Next: 98%
Magic:  4/4        EV: 14    Int: 12    God:
Gold:   197        SH:  0    Dex: 15    Spells: 3/3 levels left

rFire    . . .     SeeInvis .   a - +0 spear
rCold    . . .     Gourm    .   (no shield)
rNeg     . . .     Faith    +   b - +0 robe
rPois    .         Spirit   .   (helmet restricted)
rElec    .         Reflect  .   s - +0 cloak
rCorr    .         Harm     .   m - +0 pair of gloves
MR       .....                  (no boots)
Stlth    +++.......             f - amulet of faith
Regen    0.2/turn               j - ring of stealth
MPRegen  0.1/turn               (no ring)

@: about to teleport
A: antennae 1, yellow scales 1
a: no special abilities


You were on level 4 of the Dungeon.
You were not hungry.

You visited 1 branch of the dungeon, and saw 4 of its levels.

You collected 197 gold pieces.

Inventory:

Hand Weapons
 a - a +0 spear (weapon)
Armour
 b - a +0 robe (worn)
 m - a +0 pair of gloves (worn)
 s - a +0 cloak (worn)
Jewellery
 f - an amulet of faith (around neck)
 j - a ring of stealth (left hand)
 u - an uncursed amulet of regeneration {unknown}
 y - a cursed ring of teleportation {unknown}
Scrolls
 i - 5 scrolls of remove curse {unknown}
 n - 2 scrolls of recharging
 q - a scroll of teleportation
 t - 2 scrolls of identify
 z - a scroll of amnesia {unknown}
Potions
 e - a potion of degeneration {unknown}
 g - a potion of haste {unknown}
 h - 2 potions of mutation {unknown}
 k - 2 potions of brilliance {unknown}
 o - 2 potions of might {unknown}
 r - a potion of magic {unknown}
 x - a potion of curing {unknown}
Comestibles
 c - 2 bread rations
 v - a royal jelly
 w - 3 fruits


   Skills:
 + Level 3.7 Fighting
 + Level 4.0 Polearms
 + Level 3.5 Dodging
 - Level 2.0 Stealth


You had 3 spell levels left.
You didn't know any spells.

Dungeon Overview and Level Annotations

Branches:
Dungeon (4/15)
 Temple: D:4-7

Altars:
Cheibriados
Fedhas

Annotations:
D:4 Blork the orc


Innate Abilities, Weirdness & Mutations

You have a pair of small antennae on your head.
You are partially covered in yellow scales. (AC +2)


Message History

You kill the orc priest!
Your Polearms skill increases to level 4!
You hit the leopard gecko skeleton.
The leopard gecko skeleton is almost destroyed.
The leopard gecko skeleton completely misses you.
You hit the leopard gecko skeleton.
You destroy the leopard gecko skeleton!
A magic dart appears from out of thin air!
The magic dart hits you! Something hits you.
An iguana comes into view.
Something hits you.
* * * LOW HITPOINT WARNING * * *
Something hits you.
* * * LOW HITPOINT WARNING * * *
As you read the scroll of teleportation, it crumbles to dust.
You feel strangely unstable. Something completely misses you.
Something hits you!
You die...

#.....####
######......r.#
.#.......[.....#
...............#
...............#
...............
............#####
...........@{...#
..........######.#
..........#######.#
...........##...##.#
#..o.............##.##
##.♣.♣.♣.♣o♣.♣....##..#
..♣..o♣...♣...♣...###l#
.♣.♣.♣.♣.♣.♣.♣.♣..# #.#
#...♣...♣o..♣...### #)#


You could see a quokka (sleeping).

Vanquished Creatures
  An orc priest (D:4)
  3 adders
  An ooze (D:3)
  2 dart slugs (D:1)
  2 leopard geckos
  2 orcs
  5 giant cockroaches
  8 goblins
  8 hobgoblins
  8 jackals
  3 kobolds
  3 ball pythons
  8 bats
  3 frilled lizards
  A leopard gecko skeleton (D:4)
  5 rats
63 creatures vanquished.

Notes
Turn   | Place    | Note
-------+----------+-------------------------------------------
     0 | D:1      | Linguinho the Demonspawn Monk began the quest for the Orb.
     0 | D:1      | Reached XP level 1. HP: 18/18 MP: 1/1
    72 | D:1      | Gained mutation: You have a pair of small antennae on your head. [demonic ancestry]
    72 | D:1      | Reached XP level 2. HP: 23/24 MP: 2/2
   527 | D:2      | Found a snail-covered altar of Cheibriados.
   558 | D:2      | Reached skill level 3 in Polearms
   620 | D:2      | Gained mutation: You are partially covered in yellow scales. (AC +2) [demonic ancestry]
   620 | D:2      | Reached XP level 3. HP: 22/29 MP: 3/3
  1723 | D:3      | Reached XP level 4. HP: 35/35 MP: 4/4
  2608 | D:4      | Noticed an ogre
  2639 | D:4      | Noticed Blork the orc
  2644 | D:4      | Found a blossoming altar of Fedhas.
  3140 | D:4      | Reached skill level 4 in Polearms
  3153 | D:4      | Slain by Blork the orc

Skill      XL: |  1  2  3  4 |
---------------+-------------+-----
Dodging        | 3 |  3.5
Stealth        | 2 |  2.0
Polearms       | 3 4 |  4.0
Fighting       | |  3.7

Action                   |  1- 3 |  4- 6 || total
-------------------------+-------+-------++-------
Melee: Spear             |   156 |    92 ||   248
  Use: Scroll            |       |     6 ||     6
 Stab: Sleeping          |     8 |     7 ||    15
  Eat: Chunk             |     2 |     3 ||     5
       Meat ration       |       |     1 ||     1
Armor: Robe              |    56 |    13 ||    69
Dodge: Dodged            |   131 |    58 ||   189
